 Dungeon Crawl Stone Soup version 0.31.0-11-ge490571c62 (webtiles) character file.

Game seed: 1421157410712011695

14131 Baz the Zephyrmancer (level 11, 0/87 HPs)
             Began as a Demonspawn Air Elementalist on Feb 8, 2024.
             Was an Initiate of Gozag.
             Slain by a vampire (10 damage)
             ... on level 11 of the Dungeon.
             The game lasted 00:29:11 (13895 turns).

Baz the Zephyrmancer (Demonspawn Air Elementalist) Turns: 13895, Time: 00:29:11

Health: 0/87       AC: 11    Str:  8    XL:     11   Next: 84%
Magic:  2/23       EV: 12    Int: 20    God:    Gozag
Gold:   2202       SH:  0    Dex: 14    Spells: 4/26 levels left

rFire   + . .        e - +1 dagger (drain)
rCold   + + .        (no shield)
rNeg    + . .        D - +1 robe {rC+ rF+}
rPois   .            (helmet unavailable)
rElec   .            (no cloak)
rCorr   .            i - +1 pair of gloves
SInv    +            Q - +3 pair of mountain boots {steadfast, rC+}
Will    .....        (no amulet)
Stlth   +            l - ring of positive energy
HPRegen 0.34/turn    q - ring of see invisible
MPRegen 0.18/turn

%: no passive effects
@: confused, mighty
A: horns 3, thin metallic scales 1, demonic magic 1
a: Renounce Religion, Potion Petition, Call Merchant, Bribe Branch


You were on level 11 of the Dungeon.
You worshipped Gozag.
Gozag was most pleased with you.
You visited 1 branch of the dungeon, and saw 11 of its levels.
You also visited: Ossuary.

You collected 2427 gold pieces.
You spent 225 gold pieces at shops.

Inventory:

Hand Weapons
 e - a +1 dagger of draining (weapon)
Armour
 a - a +0 robe
 g - a +0 kite shield
 i - a +1 pair of gloves (worn)
 m - a +0 hat
 z - a +2 pair of boots
 D - a +1 robe of resistance (worn)
 N - +0 acid dragon scales
 Q - the +3 pair of mountain boots (worn) {steadfast, rC+}
   (You found it on level 8 of the Dungeon)

   Steadfast: It prevents involuntary movement, except for blinking,
   teleportation, or banishment.
   rC+:       It protects you from cold.
Jewellery
 l - a ring of positive energy (left hand)
 q - a ring of see invisible (right hand)
 y - a ring of wizardry
 E - a +5 ring of evasion
 M - a ring of ice
Wands
 w - a wand of light (1)
 x - a wand of polymorph (13)
 L - a wand of flame (38)
 P - a wand of paralysis (19)
Scrolls
 c - a scroll of immolation
 d - 2 scrolls of torment {unknown}
 h - 2 scrolls of blinking
 o - 3 scrolls of vulnerability {unknown}
 r - 3 scrolls of teleportation {unknown}
 s - 4 scrolls of enchant armour {unknown}
 v - 3 scrolls of fog {unknown}
 A - a scroll of amnesia {unknown}
 B - 2 scrolls of fear {unknown}
 C - a scroll of revelation {unknown}
 H - a scroll of enchant weapon {unknown}
Potions
 b - a potion of magic
 f - a potion of invisibility
 j - 3 potions of mutation {unknown}
 k - 4 potions of curing {unknown}
 n - 3 potions of degeneration
 p - 3 potions of cancellation
 t - 2 potions of berserk rage {unknown}
 u - 6 potions of might
 F - 2 potions of haste
 G - a potion of enlightenment {unknown}
 I - a potion of resistance {unknown}
 J - 2 potions of brilliance {unknown}
 K - 2 potions of heal wounds {unknown}
 O - 2 potions of attraction {unknown}


   Skills:
 + Level 8.5 Fighting
 - Level 1.7 Dodging
 - Level 1.7 Stealth
 + Level 8.2 Spellcasting
 + Level 8.6 Conjurations
 + Level 2.4 Ice Magic
 * Level 11.5 Air Magic


You had 4 spell levels left.
You knew the following spells:

 Your Spells              Type           Power      Damage    Failure   Level
a - Shock                 Conj/Air       100%       1d9       1%          1
b - Static Discharge      Conj/Air       96%        3-7/arc   1%          2
c - Airstrike             Air            26%        2d(4-20)  1%          4
d - Freezing Cloud        Conj/Ice/Air   19%        6-21      11%         5
e - Conjure Ball Lightni  Conj/Air       24%        3x3d7     21%         6
f - Summon Lightning Spi  Summ/Air       31%        N/A       8%          4

Your spell library contained the following spells:

 Spells                   Type           Power      Damage    Failure   Level
 Swiftness                Air            53%        N/A       1%          3
 Cigotuvi's Dreadful Rot  Necr/Alch/Air  46%        N/A       2%          2
 Hailstorm                Conj/Ice       30%        3d8       2%          3
 Apportation              Tloc           16%        N/A       9%          1
 Ozocubu's Armour         Ice            17%        N/A       10%         3
 Jinxbite                 Hex            16%        N/A       13%         2
 Scorch                   Fire           16%        2d5       13%         2
 Brom's Barrelling Bould  Conj/Erth      25%        2d5       14%         4
 Flame Wave               Conj/Fire      25%        2d8       14%         4
 Summon Ice Beast         Ice/Summ       13%        N/A       16%         3
 Fugue of the Fallen      Necr           8%         N/A       26%         3
 Tukima's Dance           Hex            8%         N/A       26%         3
 Animate Armour           Summ/Erth      16%        N/A       63%         4
 Ignite Poison            Fire/Alch      8%         N/A       63%         4
 Manifold Assault         Tloc           8%         N/A       63%         4
 Passage of Golubria      Tloc           8%         N/A       63%         4
 Summon Blazeheart Golem  Fire/Summ      8%         N/A       63%         4
 Iskenderun's Battlesphe  Conj           42%        2d9       7%          5
 Fireball                 Conj/Fire      12%        3d7       36%         5
 Orb of Destruction       Conj           21%        9d8       90%         7
 Alistair's Intoxication  Alch           5%         N/A       93%         5
 Lee's Rapid Deconstruct  Erth           4%         3d5*      93%         5
 Yara's Violent Unravell  Hex/Alch       4%         3d4       93%         5
 Sculpt Simulacrum        Ice/Alch       6%         N/A       100%        6


Dungeon Overview and Level Annotations

Branches:
Dungeon (11/15)            Temple (0/1) D:6             Orc (0/2) D:9
Ossuary (visited)
   Lair: D:8-11

Altars:
Ashenzari
Cheibriados
Dithmenos
Gozag
Kikubaaqudgha
Nemelex Xobeh
Qazlal
Trog
Wu Jian
Xom

Shops:
D:4 [

Annotations:
D:10 1 runed translucent door, temujin's ghost, novice TrFi


Innate Abilities, Weirdness & Mutations

You have a pair of large horns on your head.
You are partially covered in thin metallic scales. (AC +2)
Spells you cast may paralyse adjacent enemies.


Message History

You resist with some effort.
You see here 4 gold pieces.
You barely miss the vampire.
You punch the vampire, but do no damage.
The vampire is heavily damaged.
The vampire draws life force from you.
The vampire is healed by the life force!
You feel very mighty all of a sudden.
The vampire hits you but does no damage.
The vampire barely misses you.
Unknown command.
You puncture the vampire!
The vampire is heavily damaged.
The vampire hits you!
* * * LOW HITPOINT WARNING * * *
The vampire barely misses you.
You hit the vampire but do no damage. You headbutt the vampire!
The vampire is almost destroyed.
The vampire hits you but does no damage.
The vampire bites you.
* * * LOW HITPOINT WARNING * * *
You hit the vampire.
The vampire is almost destroyed.
The vampire gestures at you while chanting.
You resist with some effort.
You hit the vampire but do no damage. Your headbutt misses the vampire.
The vampire is almost destroyed.
The vampire draws life force from you!
* * * LOW HITPOINT WARNING * * *
The vampire is healed by the life force!
You hit the vampire but do no damage. You headbutt the vampire.
The vampire is almost destroyed.
The vampire casts a spell at you.
You are confused.
Unknown command.
The vampire hits you.
* * * LOW HITPOINT WARNING * * *
The vampire bites you!
You die...
Your body crumbles into a pile of gold.

......... .......#
#......# #.....# #.....#
......# ##########
8Y....# #........#
......# #$V......#
################@.......#
.................#
.........[.......# #
......$..######### #
.........# + .........#
.........# .o.......#
...y.....#


You could see a vampire (invisible).

Vanquished Creatures
  A hydra (D:8)
  2 two-headed ogres
  A death yak (D:11)
  A deep elf pyromancer (D:8)
  Maggie (D:7)
  4 kobold demonologists
  5 trolls
  A hornet (D:9)
  A wyvern (D:8)
  2 vampires
  A wraith (D:9)
  A shadow (D:10)
  A warg (D:9)
  8 yaks
  3 steam dragons
  6 vampire mosquitoes
  Menkaure (D:4)
  An acid dragon (D:9)
  4 orc warriors
  2 ice beasts (D:8)
  2 black bears
  3 sky beasts (D:8)
  2 wolves (D:9)
  A centaur (D:9)
  A phantom (D:5)
  A weeping skull (Ossuary)
  An elf zombie (Ossuary)
  7 bullfrogs
  6 kobold brigands
  3 scorpions
  11 wights
  A burial acolyte (Ossuary)
  3 howler monkeys (D:10)
  A bombardier beetle (D:6)
  A hound (D:6)
  3 human zombies
  8 orc priests
  5 jellies
  A sleepcap (D:5)
  3 iguanas
  7 orc wizards
  Natasha (D:4)
  Terence (D:3)
  3 mummies (Ossuary)
  7 gnolls
  8 adders
  2 shadow imps
  A white imp (D:8)
  8 ufetubi
  5 dart slugs
  5 ribbon worms
  31 orcs
  5 endoplasms
  A giant cockroach (D:3)
  8 goblins
  7 hobgoblins
  2 jackals (D:3)
  4 quokkas
  8 ball pythons
  6 bats
  3 frilled lizards
  2 gnoll zombies (Ossuary)
  26 kobolds
  2 kobold zombies (Ossuary)
  2 orc zombies (Ossuary)
  5 rats
271 creatures vanquished.

Vanquished Creatures (collateral kills)
  A two-headed ogre (D:10)
  A cyclops (D:11)
  A hell rat (D:11)
3 creatures vanquished.

Grand Total: 274 creatures vanquished

Notes
Turn   | Place    | Note
-------+----------+-------------------------------------------
     0 | D:1      | Baz the Demonspawn Air Elementalist began the quest for the
                  | Orb.
     0 | D:1      | Reached XP level 1. HP: 13/13 MP: 3/3
    73 | D:1      | Found a faded altar of an unknown god.
    91 | D:1      | Prayed at the altar of an unknown god.
    91 | D:1      | Became a worshipper of Gozag Ym Sagoz the Greedy
   260 | D:1      | Gained mutation: You are partially covered in thin metallic
                  | scales. (AC +2) [demonic ancestry]
   260 | D:1      | Reached XP level 2. HP: 20/20 MP: 0/5
   426 | D:1      | Reached skill level 3 in Air Magic
   919 | D:1      | Learned a level 2 spell: Static Discharge
  1062 | D:2      | Reached skill level 1 in Fighting
  1103 | D:2      | Reached XP level 3. HP: 26/26 MP: 1/6
  2264 | D:3      | Gained mutation: You have a pair of small horns on your
                  | head. [demonic ancestry]
  2264 | D:3      | Reached XP level 4. HP: 27/32 MP: 0/7
  2329 | D:3      | Noticed Terence
  2344 | D:3      | Killed Terence
  3069 | D:3      | Gained mutation: You have a pair of horns on your head.
                  | [demonic ancestry]
  3069 | D:3      | Reached XP level 5. HP: 38/38 MP: 0/9
  3566 | D:3      | Learned a level 4 spell: Airstrike
  3637 | D:4      | Reached skill level 4 in Air Magic
  3732 | D:4      | Found a snail-covered altar of Cheibriados.
  3744 | D:4      | Noticed Menkaure
  3768 | D:4      | Killed Menkaure
  3769 | D:4      | Reached XP level 6. HP: 32/46 MP: 3/10
  4053 | D:4      | Found Seic's Antique Armour Emporium.
  4103 | D:4      | Noticed Natasha
  4106 | D:4      | Killed Natasha
  4325 | D:4      | Reached skill level 5 in Air Magic
  4558 | D:4      | Bought a pair of runed boots for 225 gold pieces
  4776 | D:4      | Gained mutation: Spells you cast may paralyse adjacent
                  | enemies. [demonic ancestry]
  4776 | D:4      | Reached XP level 7. HP: 52/52 MP: 8/12
  5144 | D:5      | Entered Level 5 of the Dungeon
  5257 | D:5      | Found an ornate altar of the Wu Jian Council.
  5704 | D:5      | Found a sparkling altar of Nemelex Xobeh.
  6123 | D:5      | Found an ancient bone altar of Kikubaaqudgha.
  6289 | D:6      | Reached skill level 6 in Air Magic
  6289 | D:6      | Gained mutation: You have a pair of large horns on your
                  | head. [demonic ancestry]
  6289 | D:6      | Reached XP level 8. HP: 35/57 MP: 0/14
  6398 | D:6      | Found a sand-covered staircase.
  6433 | Ossuary  | Entered an ossuary
  7177 | D:6      | Reached skill level 7 in Air Magic
  7183 | D:6      | Reached skill level 5 in Spellcasting
  7183 | D:6      | Reached skill level 5 in Conjurations
  7415 | D:6      | Reached skill level 5 in Fighting
  7471 | D:6      | Noticed a kobold demonologist
  7474 | D:6      | Noticed a kobold demonologist
  7476 | D:6      | Noticed a kobold demonologist
  7478 | D:6      | Noticed an ice devil
  7479 | D:6      | Noticed a smoke demon
  7482 | D:6      | Reached XP level 9. HP: 67/68 MP: 4/16
  7482 | D:6      | Killed a kobold demonologist
  7497 | D:6      | Noticed a hellwing
  7497 | D:6      | Noticed a hellwing
  7500 | D:6      | Noticed a sun demon
  7502 | D:6      | Killed a kobold demonologist
  7504 | D:6      | Killed a kobold demonologist
  7505 | D:6      | Reached skill level 8 in Air Magic
  7683 | D:6      | Found a staircase to the Ecumenical Temple.
  8090 | D:7      | Found a bloodstained altar of Trog.
  8421 | D:7      | Noticed Maggie
  8434 | D:7      | Killed Maggie
  8624 | D:8      | Identified the +4 sling "Adeuvum" {heavy, rCorr Str+3
                  | Stlth+}
  8631 | D:8      | Reached XP level 10. HP: 40/76 MP: 9/19
  8830 | D:8      | Noticed a six-headed hydra
  8830 | D:8      | Found the +3 pair of mountain boots {steadfast, rC+}
  8865 | D:8      | Reached skill level 9 in Air Magic
  9201 | D:8      | Found a stormy altar of Qazlal.
  9253 | D:8      | Noticed a deep elf pyromancer
  9303 | D:8      | Found a shadowy altar of Dithmenos.
  9335 | D:8      | Killed a six-headed hydra
  9538 | D:8      | Killed a deep elf pyromancer
  9970 | D:8      | Reached skill level 10 in Air Magic
 10383 | D:8      | Got Diketod's Incunable of the Bonfire
 10415 | D:8      | Noticed a two-headed ogre
 10445 | D:8      | Killed a two-headed ogre
 10446 | D:8      | Reached XP level 11. HP: 84/84 MP: 8/21
 10876 | D:9      | Found a shimmering altar of Xom.
 10912 | D:9      | Found a staircase to the Orcish Mines.
 12328 | D:9      | Identified a scroll of acquirement
 12330 | D:9      | Acquired a book of the Spheres
 12339 | D:9      | Learned a level 5 spell: Freezing Cloud
 12346 | D:9      | Learned a level 6 spell: Conjure Ball Lightning
 12352 | D:9      | Found a broken altar of Ashenzari.
 12420 | D:10     | Entered Level 10 of the Dungeon
 12507 | D:10     | Noticed a two-headed ogre
 12511 | D:10     | Killed a two-headed ogre
 12653 | D:10     | Reached skill level 1 in Ice Magic
 12653 | D:10     | Reached skill level 11 in Air Magic
 12705 | D:10     | Noticed a two-headed ogre
 13138 | D:10     | Learned a level 4 spell: Summon Lightning Spire
 13223 | D:10     | Killed a two-headed ogre
 13302 | D:10     | Found a runed translucent door.
 13303 | D:10     | Noticed a deep elf pyromancer
 13304 | D:10     | Noticed temujin's ghost (novice TrFi)
 13604 | D:11     | Noticed a death yak
 13610 | D:11     | Noticed a death yak
 13642 | D:11     | Noticed a death yak
 13647 | D:11     | Killed a death yak
 13895 | D:11     | Slain by a vampire

Illustrated notes

Levels and vault maps discovered:
D:1:      eino_arrival_druids_welcome, layout_basic, basic_ecumenical_altar,
          serial_glass, glass_columns_b, glass_columns_b
D:2:      layout_basic, minmay_misc_feat_roman, corexii_item_surrounded_by_moat
D:3:      kennysheep_six_static_rooms, layout_basic, uniq_terence
D:4:      layout_basic, zin_treasury, mainiacjoe_overflow_boulevard,
          nicolae_inconvenience_store, uniq_menkaure, uniq_natasha
D:5:      minmay_spotlight, layout_layer_cave, mainiacjoe_overflow_alcove_1,
          lemuel_coloured_pillars_altar, nemelex_xobeh_ov_fountains_minmay
D:6:      layout_loops_cross, minmay_temple_entry_statues_pillars, serial_glass,
          glass_columns_a, glass_columns_a, enter_ossuary_3,
          chequers_serial_rivers_small_b
D:7:      layout_basic, trog_three_pillars_becter, uniq_maggie
D:8:      minmay_recursive_quarters, layout_basic,
          nicolae_qazlal_beasts_of_the_sky, nicolae_dithmenos_the_darkroom,
          nicolae_doodle_vault
D:9:      layout_irregular_city, kennysheep_mini_moat, marbit_many_paths,
          minmay_orc_entry_guard_dogs
D:10:     layout_rooms, ebering_ghost_inner_flame
D:11:     layout_gridville, dpeg_lair_monsters, ebering_ghost_rock_garden,
          nicolae_shop_overcharged_wands

Skill      XL: |  1  2  3  4  5  6  7  8  9 10 11 |
---------------+----------------------------------+-----
Air Magic      | 3 4 5 6 7 8 10 11 | 11.5
Fighting       | 1 2 3 5 6 7 8 |  8.5
Conjurations   | 2 3 4 5 6 7 8 |  8.6
Spellcasting   | 3 4 5 6 7 8 |  8.2
Ice Magic      | 2 |  2.4
Dodging        | |  1.7
Stealth        | |  1.7

Action                     |  1- 3 |  4- 6 |  7- 9 | 10-12 || total
---------------------------+-------+-------+-------+-------++-------
  Melee: Dagger            |    22 |    21 |   105 |    99 ||   247
         Unarmed           |     4 |       |       |       ||     4
         Short sword       |     3 |       |       |       ||     3
         Headbutt          |       |     5 |    26 |    22 ||    53
         Punch             |       |       |     1 |     3 ||     4
   Cast: Shock             |    77 |   105 |   182 |   240 ||   604
         Static Discharge  |       |     3 |    36 |    26 ||    65
         Airstrike         |       |       |     3 |    49 ||    52
         Summon Lightning  |       |       |       |     6 ||     6
         Freezing Cloud    |       |       |       |     1 ||     1
  Evoke: Wand              |       |       |     2 |     4 ||     6
    Use: Scroll            |       |     4 |       |     6 ||    10
         Potion            |       |     1 |       |     2 ||     3
   Stab: Distracted        |       |     1 |       |       ||     1
         Paralysed         |       |       |    27 |    42 ||    69
         Sleeping          |       |       |     2 |     1 ||     3
         Invisible         |       |       |     1 |     1 ||     2
 Armour: Robe              |    33 |    22 |   140 |   148 ||   343
  Dodge: Dodged            |    22 |    28 |    77 |    86 ||   213
